 Dungeon Crawl Stone Soup version 0.21.1-1-g345015fe64 (webtiles) character file.

14866 Oravi the Martial Artist (level 12, -15/80 HPs)
             Began as a Merfolk Transmuter on Apr 13, 2018.
             Was a Believer of Qazlal.
             Demolished by a five-headed hydra (17 damage)
             ... on level 2 of the Lair of Beasts.
             The game lasted 00:54:25 (14203 turns).

Oravi the Martial Artist (Merfolk Transmuter)      Turns: 14203, Time: 00:54:26

Health: -15/80     AC:  3    Str: 15    XL:     12   Next: 21%
Magic:  24/24      EV: 22    Int: 17    God:    Qazlal [**....]
Gold:   765        SH:  3    Dex: 20    Spells: 5/15 levels left

rFire    x . .     SeeInvis .     - Unarmed
rCold    + . .     Gourm    .   (no shield)
rNeg     . . .     Faith    .   b - +1 robe
rPois    +         Spirit   .   (no helmet)
rElec    .         Reflect  .   (no cloak)
rCorr    .         Harm     .   (no gloves)
MR       .....     Rnd*Tele +   (no boots)
Stlth    ++........             D - amulet of rage
HPRegen  0.23/turn              j - ring "Reuczub" {*Slow rPois MP+9 Str+4 Dex+4}
MPRegen  0.19/turn              E - ring of ice

@: no status effects
A: change form in water, swift swim, stealthy swim, thin skeletal structure 1,
blink, teleportitis 1
a: Blink, Upheaval, Renounce Religion, Evoke Berserk Rage


You were on level 2 of the Lair of Beasts.
You worshipped Qazlal.
Qazlal was pleased with you.
You were not hungry.

You visited 3 branches of the dungeon, and saw 15 of its levels.

You collected 765 gold pieces.

Inventory:

Missiles
 a - 186 arrows
Armour
 b - a +1 robe (worn)
 p - a cursed +0 leather armour
 x - the cursed +0 robe "Saculihe" {+Inv rF- MR+ Str+4, unknown}
   (You found it on level 2 of the Lair of Beasts)

   It affects your strength (+4).
   It makes you vulnerable to fire.
   It affects your resistance to hostile enchantments.
   It lets you turn invisible.
   It has a curse placed upon it.
 J - a +0 pair of boots
Jewellery
 e - an uncursed ring of wizardry
 j - the ring "Reuczub" (left hand) {*Slow rPois MP+9 Str+4 Dex+4}
   (You acquired it on level 10 of the Dungeon)

   [ring of magical power]

   It affects your strength (+4).
   It affects your dexterity (+4).
   It protects you from poison.
   It affects your magic capacity (+9).
   It may slow you when you take damage.
 m - an uncursed ring of stealth
 u - a +1 ring of slaying
 A - an uncursed ring of see invisible
 D - an amulet of rage (around neck)
 E - a ring of ice (right hand)
Wands
 h - a wand of acid (7)
 k - a wand of polymorph (19)
 t - a wand of digging (10)
 B - a wand of flame (83)
 C - a wand of scattershot (5)
Scrolls
 f - 2 scrolls of fear
 l - 3 scrolls of magic mapping
 n - 3 scrolls of remove curse
 q - a scroll of amnesia
 v - 3 scrolls of enchant armour
 F - 6 scrolls of identify
 H - a scroll of blinking
Potions
 i - 2 potions of brilliance
 o - 2 potions of invisibility
 r - a potion of might
 s - 3 potions of curing
 w - 3 potions of berserk rage
 z - 2 potions of lignification
 G - a potion of haste
Books
 c - a book of Changes

   Spells                             Type                      Level
   a - Beastly Appendage              Transmutation                1
   b - Sticks to Snakes               Transmutation                2
   c - Spider Form                    Transmutation/Poison         3
   d - Ice Form                       Ice/Transmutation            4
   e - Blade Hands                    Transmutation                5
 g - a book of Misfortune

   Spells                             Type                      Level
   a - Confusing Touch                Hexes                        1
   b - Confuse                        Hexes                        3
   c - Gell's Gravitas                Translocation                3
   d - Petrify                        Transmutation/Earth          4
   e - Metabolic Englaciation         Hexes/Ice                    5
   f - Yara's Violent Unravelling     Hexes/Transmutation          5
 y - a book of Maledictions

   Spells                             Type                      Level
   a - Corona                         Hexes                        1
   b - Ensorcelled Hibernation        Hexes/Ice                    2
   c - Confuse                        Hexes                        3
   d - Tukima's Dance                 Hexes                        3
   e - Dazzling Spray                 Conjuration/Hexes            3
Comestibles
 d - 20 rations
 I - 8 chunks of flesh


   Skills:
 + Level 2.5 Fighting
 * Level 11.5 Dodging
 + Level 13.2 Unarmed Combat
 - Level 2.0 Spellcasting
 * Level 11.5 Transmutations
 * Level 4.6 Ice Magic
 * Level 8.3 Poison Magic
 + Level 0.5 Evocations


You had 5 spell levels left.
You knew the following spells:

 Your Spells              Type           Power        Failure   Level  Hunger
a - Beastly Appendage     Tmut           #####.       1%          1    #......
b - Sticks to Snakes      Tmut           #####...     1%          2    ###....
c - Spider Form           Tmut/Pois      #####.....   1%          3    ###....
d - Ice Form              Ice/Tmut       #####...     7%          4    #####..


Dungeon Overview and Level Annotations

Branches:
Dungeon (12/15)            Temple (1/1) D:7            Lair (2/6) D:11
    Orc (0/2) D:11
  Swamp: Lair:2-4    Shoals: Lair:2-4     Snake: Lair:2-4    Spider: Lair:2-4

Altars:
Ashenzari
Cheibriados
Dithmenos
Elyvilon
Fedhas
Gozag
Hepliaklqana
Kikubaaqudgha
Makhleb
Nemelex Xobeh
Okawaru
Qazlal
Ru
Sif Muna
Trog
Uskayaw
Vehumet
Wu Jian
Xom
Yredelemnul
Zin
The Shining One

Shops:
D:10 %

Annotations:
D:8 Xenomina's ghost, novice DEAE


Innate Abilities, Weirdness & Mutations

You revert to your normal form in water.
You are very nimble and swift while swimming.
You are very stealthy in the water. (Stealth+)
You have a somewhat thin skeletal structure. (Dex +2, Stealth)
You can translocate small distances at will.
You are occasionally teleported next to monsters.


Message History

You butcher the wolf corpse.
I - 7 chunks of flesh (gained 2)
You warm up again.
Your +1 robe unmelds from your body.
You hear a roar!
You butcher the porcupine corpse.
I - 8 chunks of flesh (gained 1)
Found a runed trident.
A five-headed hydra comes into view.
The five-headed hydra bites you but does no damage.
The five-headed hydra bites you.
The five-headed hydra completely misses you.
The five-headed hydra bites you!
* * * LOW HITPOINT WARNING * * *
The five-headed hydra closely misses you.
The five-headed hydra barely misses you.
The five-headed hydra misses you. The five-headed hydra bites you!
* * * LOW HITPOINT WARNING * * *
The five-headed hydra bites you!
You die...

..>....#.#....##......#........##
.......#....P##.................#
......#.................#.......#
.......#..........?...........#..
.................................
.................................
.................................
........................<........
......#........D@§...............
.......#.........................
#......#...........#...#P.......≈
#................###...#.......≈≈
....#....#........#...........≈≈≈
..##...###.....#...##P........≈≈#
.. ##..##......#....##P.......≈≈#
.. #.........##....###.....[.≈≈#
# #..........##....##.......≈≈#


You could see a five-headed hydra.

Vanquished Creatures
  A hydra (Lair:1)
  A two-headed ogre (D:12)
  An unseen horror (D:12)
  An ugly thing (D:12)
  A cyclops (D:11)
  A black mamba (Lair:2)
  Psyche (D:11)
  2 komodo dragons
  5 spiny frogs
  2 trolls
  A polar bear (Lair:2)
  3 hippogriffs
  4 blink frogs
  2 wyverns
  3 hungry ghosts
  2 hell hounds (D:11)
  5 water moccasins
  2 orc warriors (D:10)
  4 porcupines
  3 sky beasts
  A black bear (D:5)
  11 wolves
  6 ogres
  A necrophage (D:8)
  7 centaurs
  6 crocodiles
  A wyvern zombie (D:9)
  6 bullfrogs
  2 scorpions
  A water moccasin skeleton (D:7)
  4 wights (D:10)
  17 killer bees
  2 howler monkeys
  4 crimson imps
  3 jellies
  2 orc priests
  2 bullfrog zombies
  2 centaur skeletons
  5 orc wizards
  3 hounds
  2 bullfrog skeletons
  Jessica (D:2)
  4 worker ants
  2 hound zombies (D:5)
  A worker ant zombie (D:10)
  A howler monkey zombie (D:6)
  Robin (D:3)
  11 adders
  4 gnolls (D:10)
  A howler monkey skeleton (D:5)
  3 shadow imps
  An ooze (D:7)
  3 adder skeletons
  2 adder zombies (D:9)
  3 worms
  4 leopard geckos
  24 orcs
  13 bats
  5 giant cockroaches
  15 goblins
  12 hobgoblins
  12 jackals
  4 kobolds
  9 quokkas
  3 ball pythons
  2 frilled lizards
  A leopard gecko skeleton (D:8)
  13 rats
288 creatures vanquished.

Vanquished Creatures (collateral kills)
  A phantom (D:4)
1 creature vanquished.

Vanquished Creatures (others)
  2 plants (Lair:2)
2 creatures vanquished.

Grand Total: 291 creatures vanquished

Notes
Turn   | Place    | Note
-------+----------+-------------------------------------------
     0 | D:1      | Oravi the Merfolk Transmuter began the quest for the Orb.
     0 | D:1      | Reached XP level 1. HP: 15/15 MP: 3/3
   162 | D:1      | Reached XP level 2. HP: 21/21 MP: 3/5
   778 | D:1      | Reached XP level 3. HP: 26/26 MP: 4/6
   782 | D:1      | Learned a level 2 spell: Sticks to Snakes
   786 | D:1      | Learned a level 3 spell: Spider Form
   937 | D:1      | Reached skill level 4 in Unarmed Combat
  1121 | D:2      | Reached XP level 4. HP: 23/32 MP: 2/7
  1646 | D:2      | Noticed Jessica
  1702 | D:2      | Killed Jessica
  1702 | D:2      | Reached XP level 5. HP: 35/37 MP: 4/8
  1735 | D:2      | Reached skill level 1 in Poison Magic
  2955 | D:4      | Noticed an ogre
  2957 | D:4      | Reached skill level 5 in Unarmed Combat
  2961 | D:4      | Noticed a phantom
  2966 | D:4      | Killed an ogre
  2966 | D:4      | Reached XP level 6. HP: 29/43 MP: 2/9
  3415 | D:4      | Killed a phantom
  3415 | D:4      | Reached skill level 5 in Transmutations
  3530 | D:4      | Noticed Robin
  3609 | D:3      | Reached skill level 6 in Unarmed Combat
  3643 | D:3      | Killed Robin
  3849 | D:4      | Noticed a water moccasin
  3859 | D:4      | Killed a water moccasin
  3859 | D:4      | Reached XP level 7. HP: 34/48 MP: 7/10
  3941 | D:5      | Entered Level 5 of the Dungeon
  4097 | D:5      | Reached skill level 5 in Dodging
  4097 | D:5      | Reached skill level 7 in Unarmed Combat
  4097 | D:5      | Reached XP level 8. HP: 47/54 MP: 7/11
  4895 | D:5      | Found a sacrificial altar of Ru.
  5522 | D:6      | Found a sand-covered staircase.
  6250 | D:7      | Found a burning altar of Makhleb.
  6374 | D:7      | Found a sparkling altar of Nemelex Xobeh.
  6421 | D:7      | Reached skill level 8 in Unarmed Combat
  6461 | D:7      | Reached XP level 9. HP: 59/61 MP: 9/12
  6548 | D:7      | Found a deep blue altar of Sif Muna.
  6716 | D:7      | Found a staircase to the Ecumenical Temple.
  6722 | Temple   | Entered the Ecumenical Temple
  6958 | D:8      | Reached skill level 9 in Unarmed Combat
  7066 | D:8      | Noticed Xenomina's ghost (novice DEAE)
  7440 | D:8      | Reached skill level 5 in Poison Magic
  7458 | D:8      | Found a sparkling altar of Nemelex Xobeh.
  8026 | D:9      | Found a stormy altar of Qazlal.
  8079 | D:9      | Became a worshipper of Qazlal Stormbringer
  8098 | D:9      | Found a shimmering altar of Xom.
  8103 | D:9      | Found a white marble altar of Elyvilon.
  8309 | D:9      | Found a basalt altar of Yredelemnul.
  8309 | D:9      | Found an opulent altar of Gozag.
  8504 | D:9      | Reached skill level 10 in Unarmed Combat
  8504 | D:9      | Reached XP level 10. HP: 61/67 MP: 13/13
  8761 | D:9      | Found a radiant altar of Vehumet.
  8779 | D:10     | Entered Level 10 of the Dungeon
  9666 | D:10     | Found Tarisur's Food Shop.
  9782 | D:10     | Identified a scroll of acquirement
  9783 | D:10     | Got a fine bone ring
  9785 | D:10     | Identified the ring "Reuczub" {*Slow rPois MP+9 Str+4 Dex+4} (You acquired it on level 10 of the Dungeon)
  9858 | D:10     | Learned a level 4 spell: Ice Form
  9980 | D:10     | Found a sparkling altar of Nemelex Xobeh.
 10327 | D:10     | Reached * piety under Qazlal
 10341 | D:10     | Reached skill level 10 in Transmutations
 10456 | D:11     | Reached skill level 1 in Ice Magic
 10491 | D:11     | Noticed Psyche
 10505 | D:11     | Killed Psyche
 10505 | D:11     | Reached skill level 11 in Unarmed Combat
 10506 | D:11     | Noticed a cyclops
 10520 | D:11     | Killed a cyclops
 10792 | D:11     | Found a staircase to the Lair.
 11079 | D:11     | Found a staircase to the Orcish Mines.
 11089 | D:11     | Noticed a death knight
 11648 | D:12     | Noticed a two-headed ogre
 11660 | D:12     | Killed a two-headed ogre
 11660 | D:12     | Reached XP level 11. HP: 66/73 MP: 14/14
 11947 | D:12     | Noticed a brown ugly thing
 11952 | D:12     | Killed an unseen horror
 11968 | D:12     | Killed a brown ugly thing
 12054 | D:12     | Noticed an eight-headed hydra
 12065 | D:12     | Noticed a deep elf mage
 12068 | D:12     | Noticed a deep elf high priest
 12079 | D:12     | Reached ** piety under Qazlal
 12079 | D:12     | Reached skill level 12 in Unarmed Combat
 12322 | D:11     | Gained mutation: You expend magic power (3 MP) to strengthen your wands. [potion of mutation]
 12322 | D:11     | Gained mutation: You possess an exceptional clarity of mind. [potion of mutation]
 12323 | D:11     | Lost mutation: You expend magic power (3 MP) to strengthen your wands. [potion of mutation]
 12323 | D:11     | Lost mutation: You possess an exceptional clarity of mind. [potion of mutation]
 12323 | D:11     | Gained mutation: You can translocate small distances at will. [potion of mutation]
 12323 | D:11     | Gained mutation: You are occasionally teleported next to monsters. [potion of mutation]
 12323 | D:11     | Gained mutation: You have a somewhat thin skeletal structure. (Dex +2, Stealth) [potion of mutation]
 12325 | Lair:1   | Entered Level 1 of the Lair of Beasts
 12331 | Lair:1   | Noticed a four-headed hydra
 12345 | Lair:1   | Killed a four-headed hydra
 12353 | Lair:1   | Reached skill level 10 in Dodging
 13146 | Lair:1   | Found a shimmering altar of Xom.
 13154 | Lair:1   | Reached XP level 12. HP: 51/80 MP: 15/15
 14013 | Lair:2   | Got a shimmering robe
 14072 | Lair:2   | Reached skill level 13 in Unarmed Combat
 14195 | Lair:2   | Noticed a five-headed hydra
 14203 | Lair:2   | HP: 2/80 [five-headed hydra (15)]
 14203 | Lair:2   | Demolished by a five-headed hydra

Skill      XL: |  1  2  3  4  5  6  7  8  9 10 11 12 |
---------------+-------------------------------------+-----
Transmutations | 3 4 5 6 8 9 10 11 | 11.5
Unarmed Combat | 4 5 6 7 8 10 11 12 13 | 13.2
Dodging        | 3 4 5 7 9 11 | 11.5
Poison Magic   | 1 2 3 4 5 7 8 |  8.3
Fighting       | 2 |  2.5
Ice Magic      | 2 4 |  4.6
Spellcasting   | |  2.0
Evocations     | |  0.5

Action                   |  1- 3 |  4- 6 |  7- 9 | 10-12 || total
-------------------------+-------+-------+-------+-------++-------
Melee: Unarmed           |    83 |   161 |   318 |   389 ||   951
       Headbutt          |     5 |     3 |       |       ||     8
       Punch             |       |       |       |     1 ||     1
 Cast: Beastly Appendage |    16 |     4 |       |       ||    20
       Spider Form       |     5 |    31 |    39 |    41 ||   116
       Sticks to Snakes  |       |     7 |     4 |       ||    11
       Ice Form          |       |       |       |     3 ||     3
 Abil: End Transformatio |       |       |     1 |     3 ||     4
       Evoke Berserk Rag |       |       |       |     1 ||     1
Evoke: Wand              |       |       |       |     2 ||     2
  Use: Scroll            |       |    10 |     8 |     7 ||    25
       Potion            |       |       |     1 |     5 ||     6
 Stab: Sleeping          |     3 |     1 |     4 |       ||     8
       Distracted        |       |     1 |       |       ||     1
  Eat: Chunk             |     2 |    13 |    20 |    21 ||    56
       Ration            |       |       |     1 |     1 ||     2
Armor: Robe              |    17 |     8 |     1 |     2 ||    28
       Skin              |       |     9 |     5 |    13 ||    27
Dodge: Dodged            |    62 |   181 |   285 |   525 ||  1053
Block: Other             |       |       |       |    21 ||    21
